 Dungeon Crawl Stone Soup version 0.29-a0-1052-g6990b1bffc (webtiles) character file.

Game seed: 4440644960040239995

1995 Plasmagod the Grappler (level 9, -13/64 HPs)
             Began as a Purple Draconian Transmuter on Aug 17, 2022.
             Killed by vampiric draining
             ... invoked by a vampire
              (16 damage)
             ... on level 7 of the Dungeon.
             The game lasted 00:09:31 (4949 turns).

Plasmagod the Grappler (DrTm)                       Turns: 4949, Time: 00:09:31

Health: -13/64     AC: 12    Str: 13    XL:     9   Next: 1%
Magic:  17/18      EV: 12    Int: 18    God:
Gold:   245        SH:  0    Dex: 11    Spells: 19/20 levels left

rFire   . . .      SeeInvis .     - Unarmed
rCold   . . .      Faith    .   (no shield)
rNeg    . . .      Spirit   .   (body armour unavailable)
rPois   .          Reflect  .   (helmet currently unavailable)
rElec   .          Harm     .   (no cloak)
rCorr   .          Rampage  .   A - +0 pair of gloves
Will    +....                   (boots currently unavailable)
Stlth   +.........              g - amulet of regeneration
HPRegen 1.00/turn               d - +4 ring of protection
MPRegen 0.16/turn               (no ring)

@: short of breath, appendages
A: horns 2, talons 2, breathe power, AC +7, unfitting armour, cold-blooded
a: Breathe Dispelling Energy, End Transformation


You were on level 7 of the Dungeon.
You had temporarily grown beastly horns and talons.
You visited 1 branch of the dungeon, and saw 7 of its levels.

You collected 245 gold pieces.

Inventory:

Armour
 r - a +0 pair of boots (melded)
 A - a +0 pair of gloves (worn)
Jewellery
 d - a +4 ring of protection (left hand)
 g - an amulet of regeneration (around neck)
 i - an amulet of guardian spirit
 D - a ring of protection from cold
Wands
 v - a wand of roots (12)
Scrolls
 b - 4 scrolls of enchant weapon {unknown}
 c - 2 scrolls of butterflies {unknown}
 e - 5 scrolls of identify {unknown}
 f - a scroll of amnesia {unknown}
 k - 2 scrolls of magic mapping {unknown}
 l - a scroll of immolation {unknown}
 q - 2 scrolls of fear {unknown}
 w - a scroll of summoning {unknown}
 x - a scroll of blinking {unknown}
 y - a scroll of poison {unknown}
 z - 2 scrolls of enchant armour {unknown}
 B - 3 scrolls of noise {unknown}
 C - a scroll of teleportation {unknown}
 F - a scroll of vulnerability {unknown}
Potions
 a - 2 potions of lignification
 h - a potion of berserk rage {unknown}
 j - 2 potions of brilliance {unknown}
 m - 2 potions of curing
 n - 3 potions of degeneration {unknown}
 o - a potion of cancellation {unknown}
 p - a potion of heal wounds {unknown}
 s - 2 potions of invisibility {unknown}
 t - 3 potions of mutation {unknown}
 u - 2 potions of attraction {unknown}
 E - a potion of flight {unknown}


   Skills:
 - Level 1.1 Fighting
 - Level 1.7 Dodging
 - Level 11.0 Unarmed Combat
 + Level 6.2 Spellcasting
 - Level 2.0 Transmutations


You had 19 spell levels left.
You knew the following spells:

 Your Spells              Type           Power      Damage    Failure   Level
a - Beastly Appendage     Tmut           24%        N/A       5%          1

Your spell library contained the following spells:

 Spells                   Type           Power      Damage    Failure   Level
 Wereblood                Tmut           12%        N/A       8%          2
 Blink                    Tloc           10%        N/A       19%         2
 Scorch                   Fire           10%        2d5       19%         2
 Spider Form              Tmut/Pois      9%         N/A       24%         3
 Lesser Beckoning         Tloc           5%         N/A       34%         3
 Ice Form                 Ice/Tmut       9%         N/A       61%         4
 Flame Wave               Conj/Fire      5%         2d5       75%         4
 Manifold Assault         Tloc           5%         N/A       97%         5
 Summon Forest            Summ/Tloc      2%         N/A       97%         5
 Eringya's Noxious Bog    Tmut/Pois      4%         N/A       100%        6
 Summon Cactus Giant      Summ           2%         N/A       100%        6
 Summon Hydra             Summ           2%         N/A       100%        7


Dungeon Overview and Level Annotations

Branches:
Dungeon (7/15)
 Temple: D:4-7

Altars:
Gozag
Makhleb

Shops:
D:3 ?   D:4 *


Innate Abilities, Weirdness & Mutations

You have temporarily grown beastly horns and talons.
You can breathe bolts of dispelling energy.
Your rich purple scales are hard. (AC +7)
You cannot fit into any form of body armour.
You are cold-blooded and may be slowed by cold attacks.


Message History

The vampire flickers and vanishes!
Deactivating autopickup; reactivate with Ctrl-A.
You miss something. Your headbutt misses something. You tail-slap something.
You punch something.
Okay, then.
You barely miss something. You claw something.
You hear some strange, mumbled words.
Something tries to affect you, but you resist.
You closely miss something.
Your tail-slap misses something.
Something hits you. Something bites you but does no damage.
You miss something. Your kick misses something. Your punch misses something.
Something hits you but does no damage. Something bites you.
Something draws strength from your injuries!
You hit something but do no damage. Your kick misses something.
Something barely misses you. Something bites you.
Something draws strength from your injuries!
You miss something. Your kick misses something. You closely miss something.
Your punch misses something.
Your horns disappear.
Your talons disappear.
Your +0 pair of boots unmelds from your body.
Something hits you but does no damage. Something bites you!
Something draws strength from your injuries!
You barely miss something. Something hits you but does no damage.
Something bites you but does no damage.
You are too injured to fight recklessly!
Casting: Beastly Appendage (safe; 5% risk of failure)
Confirm with . or Enter, or press ? or * to list all spells.
You grow a pair of large bovine horns.
Your feet morph into talons.
Your +0 pair of boots melds into your body.
Something draws life force from you!
* * * LOW HITPOINT WARNING * * *
You punch something! You claw something. You tail-slap something.
Something hits you.
* * * LOW HITPOINT WARNING * * *
Something bites you!
* * * LOW HITPOINT WARNING * * *
Something draws strength from your injuries!
You punch something! Your kick misses something. You headbutt something!
Something draws life force from you!
You die...

##..#......##.........#
#.......#####.#.......#
##.......# #..........#
#....#### ############
###.### #.... ##...#
...... #....##.....#
#..#.#......#
####@{....# #.######
...# #.$.# .....#
..##..# ... >..# ..
...#


There were no monsters in sight!

Vanquished Creatures
  A steam dragon (D:7)
  An ice beast (D:5)
  4 ogres
  A centaur (D:6)
  A kobold brigand (D:6)
  2 necrophages (D:6)
  2 scorpions (D:6)
  11 killer bees
  2 jellies
  3 hounds (D:5)
  2 orc priests (D:5)
  5 iguanas
  An orc wizard (D:5)
  5 gnolls
  6 adders
  3 dart slugs
  3 worms
  14 orcs
  6 ball pythons
  4 bats
  4 endoplasms
  2 giant cockroaches
  4 goblins
  9 hobgoblins
  3 jackals (D:1)
  6 quokkas
  A frilled lizard (D:3)
  9 kobolds
  4 rats
119 creatures vanquished.

Notes
Turn   | Place    | Note
-------+----------+-------------------------------------------
     0 | D:1      | Plasmagod the Draconian Transmuter began the quest for the
                  | Orb.
     0 | D:1      | Reached XP level 1. HP: 16/16 MP: 3/3
   145 | D:1      | Reached XP level 2. HP: 23/23 MP: 3/5
   511 | D:1      | Found a faded altar of an unknown god.
   836 | D:1      | Reached skill level 4 in Unarmed Combat
   913 | D:2      | Reached XP level 3. HP: 28/28 MP: 4/6
  1344 | D:3      | Found Dozykhlen's Magic Scroll Shoppe.
  1441 | D:3      | Reached skill level 5 in Unarmed Combat
  1441 | D:3      | Reached XP level 4. HP: 27/35 MP: 5/7
  2026 | D:4      | Reached XP level 5. HP: 40/40 MP: 6/8
  2037 | D:4      | Reached skill level 6 in Unarmed Combat
  2257 | D:4      | Reached XP level 6. HP: 47/47 MP: 7/9
  2472 | D:4      | Reached skill level 7 in Unarmed Combat
  2500 | D:4      | Found an opulent altar of Gozag.
  2501 | D:4      | Found Gozag's Platinum Reserve.
  2963 | D:5      | Entered Level 5 of the Dungeon
  2990 | D:5      | Reached skill level 8 in Unarmed Combat
  2998 | D:5      | Your scales start taking on a rich purple colour.
  2998 | D:5      | Reached XP level 7. HP: 29/52 MP: 10/10
  3109 | D:5      | Reached skill level 9 in Unarmed Combat
  3550 | D:5      | Reached XP level 8. HP: 29/59 MP: 9/11
  3700 | D:5      | Reached skill level 10 in Unarmed Combat
  4117 | D:6      | Reached skill level 11 in Unarmed Combat
  4562 | D:6      | Found a burning altar of Makhleb.
  4596 | D:6      | Reached skill level 5 in Spellcasting
  4884 | D:7      | Reached XP level 9. HP: 48/64 MP: 16/18
  4948 | D:7      | HP: 2/64 [something (8)]
  4949 | D:7      | Killed from afar by a vampire

Illustrated notes

Levels and vault maps discovered:
D:1:      grunt_arrival_crossed_arrows, layout_loops_ring,
          shapermc_ecumenical_altar_mp_vishouse
D:2:      layout_rooms
D:3:      layout_basic, serial_aquarium, aquarium_bridge_island_small
          [aquarium_subvault_small_water, aquarium_subvault_wall,
          aquarium_subvault_bridge, aquarium_subvault_wall,
          aquarium_subvault_bridge], aquarium_window_fake,
          aquarium_window_corridor_1, aquarium_view_2f, aquarium_view_2f,
          serial_shops, shop
D:4:      minmay_general_purpose_star, layout_gridville,
          nicolae_gozag_zags_fifth_avenue, minmay_bent
D:5:      layout_basic, serial_co_window_serial, co_window_paths_a,
          co_window_corner_a, co_window_corner_a, co_window_paths_a,
          co_window_cross_1, co_window_of_opportunity_c,
          co_window_unsneaky_path_a, co_window_of_opportunity_c,
          co_window_paths_d, glass_columns_c, glass_columns_a, glass_columns_b
D:6:      layout_loops_ring, general_overflow_altar
D:7:      minmay_opposing_rooms, layout_cave_pools, dk_yredelemnul_ordeal,
          tgw_xom, temple_hall, ebering_ghost_reflecting_pool

Skill      XL: |  1  2  3  4  5  6  7  8 |
---------------+-------------------------+-----
Unarmed Combat | 4 5 6 8 9 11 | 11.0
Spellcasting   | 6 |  6.2
Fighting       | |  1.1
Dodging        | |  1.7
Transmutations | |  2.0

Action                   |  1- 3 |  4- 6 |  7- 9 || total
-------------------------+-------+-------+-------++-------
Melee: Unarmed           |    90 |   177 |   200 ||   467
       Kick              |    19 |    20 |    40 ||    79
       Headbutt          |    19 |    20 |    22 ||    61
       Tailslap          |    11 |    14 |    26 ||    51
       Punch             |     1 |     4 |     4 ||     9
 Cast: Beastly Appendage |    21 |    19 |    30 ||    70
 Abil: Breathe Dispellin |       |       |     3 ||     3
 Stab: Sleeping          |     1 |       |     1 ||     2
Armor: Skin              |    28 |    70 |    76 ||   174
Dodge: Dodged            |    57 |   131 |   100 ||   288

Table legend: (Time is in decaauts)
 A = Elapsed time spent in this place.
 B = Non-inter-level travel time spent in this place.
 C = Inter-level travel time spent in this place.
 D = Time resting spent in this place.
 E = Time spent auto-exploring this place.
 F = Levels seen in this place.
 G = Mean time per level.
                   A        B        C        D        E       F      G
               +--------+--------+--------+--------+--------+-----+--------+
         Total |   4886 |   4759 |    127 |      2 |   3845 |   7 |  698.0 |
       Dungeon |   4886 |   4759 |    127 |      2 |   3845 |   7 |  698.0 |
               +--------+--------+--------+--------+--------+-----+--------+

Top non-repeatable levels by time:
     D:5: 1048 daAuts
     D:4: 941 daAuts
     D:1: 904 daAuts
     D:6: 810 daAuts
     D:3: 655 daAuts
     D:2: 433 daAuts
     D:7: 92 daAuts
